 Dungeon Crawl Stone Soup version 0.31-a0-232-gb1c03b2570 (webtiles) character file.

Game seed: 17552617328688484291

47 qw the Shooter (level 3, 0/29 HPs)
             Began as a Minotaur Hexslinger on July 7, 2023.
             Slain by Robin
             ... wielding a +0 club
              (1 damage)
             ... on level 2 of the Dungeon.
             The game lasted 00:00:27 (1074 turns).

qw the Shooter (Minotaur Hexslinger)                Turns: 1074, Time: 00:00:28

Health: 0/29       AC:  3    Str: 12    XL:     3   Next: 48%
Magic:  3/3        EV: 12    Int: 10    God:
Gold:   57         SH:  0    Dex: 14    Spells: 3/4 levels left

rFire   . . .        Y - +1 sling
rCold   . . .        (no shield)
rNeg    . . .        f - +0 leather armour
rPois   .            (helmet restricted)
rElec   .            (no cloak)
rCorr   .            (no gloves)
SInv    .            (no boots)
Will    .....        (no amulet)
Stlth   +            (no ring)
HPRegen 0.24/turn    (no ring)
MPRegen 0.08/turn

%: no passive effects
@: no status effects
A: horns 2, retaliatory headbutt
a: no special abilities


You were on level 2 of the Dungeon.
You visited 1 branch of the dungeon, and saw 2 of its levels.

You collected 57 gold pieces.


Innate Abilities, Weirdness & Mutations

You have a pair of horns on your head.
You reflexively headbutt those who attack you in melee.


   Skills:
 - Level 2.0 Fighting
 + Level 4.1 Ranged Weapons
 - Level 2.1 Dodging
 - Level 1.0 Spellcasting
 - Level 2.0 Hexes


You had 3 spell levels left.
You knew the following spells:

 Your Spells              Type           Power      Damage    Failure   Level
a - Slow                  Hex            16%        N/A       19%         1

Your spell library contained the following spells:

 Spells                   Type           Power      Damage    Failure   Level
 Inner Flame              Hex/Fire       2%         N/A       65%         3
 Portal Projectile        Hex/Tloc       4%         N/A       65%         3
 Cause Fear               Hex            2%         N/A       88%         4

Inventory:

Hand Weapons
 Y - a +1 sling (weapon)
Armour
 f - a +0 leather armour (worn)
Potions
 i - 3 potions of curing {unknown}
 j - a potion of enlightenment {unknown}

Dungeon Overview and Level Annotations

Branches:
Dungeon (2/15)

Altars:

Annotations:
D:2 Robin


Message History

The sling bullet hits the goblin.
The goblin is severely wounded.
You feel sick. Robin throws the goblin at you!
You shoot a sling bullet.
The sling bullet closely misses the goblin.
You feel sick. The goblin misses you.
You shoot a sling bullet.
The sling bullet closely misses the goblin.
You feel sick. The goblin hits you with a +0 dagger.
You shoot a sling bullet. The sling bullet misses the goblin.
You feel sick.
You are no longer poisoned.
The goblin closely misses you. You furiously retaliate!
You headbutt the goblin. Robin throws the goblin at you!
The goblin hits you with a +0 dagger.
You shoot a sling bullet. The sling bullet hits the goblin.
You kill the goblin!
The goblin misses you. The goblin hits you with a +0 dagger.
The goblin hits you but does no damage.
You shoot a sling bullet.
The sling bullet barely misses the goblin.
The goblin closely misses you. You furiously retaliate!
You headbutt the goblin. The goblin hits you with a +0 dagger.
Robin says, "My goblins will feast on your bones."
Robin roars a battlecry!
The goblins go into a battle-frenzy!
You shoot a sling bullet.
The sling bullet closely misses the goblin.
The goblin hits you with a +0 dagger. The goblin closely misses you.
The hobgoblin hits you.
You shoot a sling bullet.
The sling bullet closely misses the goblin.
The goblin hits you with a +0 dagger. The goblin hits you but does no damage.
Robin throws the goblin at you! The hobgoblin misses you.
You shoot a sling bullet. The sling bullet hits the goblin.
You kill the goblin!
The goblin hits you with a +0 dagger. The hobgoblin misses you.
Robin hits you but does no damage. The hobgoblin barely misses you.
Robin flexes a bicep menacingly.
Robin hits you with a +0 club.
You die... .... ..# . #).##.# ##.###.#....g## #.....#.... ))ggg

######..##.#.#.#.##gg#
...)....#.......##).#####.#
........ .<.... #)))......
..#.....###g#.# ##.#####>.
.....##..@g.# #.#
#..##.g.).# #.# #..#
#>........# #.# #..#
#..##.....# ##.## #..#
#..##.....# #...# #..#
#..####.### #...# #..# #..#
.#.#####...# #..# #... #
#........####..# ##.##
######........#


You could see Robin, a hobgoblin (strong) and a goblin (strong).

Vanquished Creatures
  A dart slug (D:1)
  4 ball pythons
  2 bats (D:1)
  2 endoplasms
  13 goblins
  7 hobgoblins
  2 quokkas (D:1)
  3 frilled lizards (D:1)
  A kobold (D:2)
  5 rats
40 creatures vanquished.

Notes
Turn   | Place    | Note
-------+----------+-------------------------------------------
     0 | D:1      | qw the Minotaur Hexslinger began the quest for the Orb.
     0 | D:1      | Reached XP level 1. HP: 16/16 MP: 1/1
     0 | D:1      | 0 ||| qw: Version: 0.3-a-46-gb1f654a
     0 | D:1      | 0 ||| qw: Game counter: 2851
     0 | D:1      | 0 ||| qw: Melee chars always use a shield: true
     0 | D:1      | 0 ||| qw: God list: Okawaru
     0 | D:1      | 0 ||| qw: Allow faded altars: false
     0 | D:1      | 0 ||| qw: Do Orc after clearing Dungeon:15 true
     0 | D:1      | 0 ||| qw: Do second Lair branch before Depths: true
     0 | D:1      | 0 ||| qw: Lair rune preference: random
     0 | D:1      | 0 ||| qw: Goals: Normal
     0 | D:1      | 0 ||| PLANNING D:1-11
   131 | D:1      | Reached skill level 3 in Ranged Weapons
   137 | D:1      | Reached XP level 2. HP: 23/23 MP: 2/2
   751 | D:1      | 751 ||| UPGRADING to +0 leather armour.
   761 | D:1      | 761 ||| DROPPING +0 robe.
   762 | D:1      | 762 ||| READING scroll labelled FIDAMA FASUEM.
   765 | D:1      | 765 ||| READING scroll labelled LEG DELIOPPOT.
   767 | D:1      | 767 ||| READING 2 scrolls labelled OSSOSHR MOHYGE.
   777 | D:1      | 777 ||| DRINKING 2 bubbling puce potions.
   791 | D:1      | 791 ||| DROPPING scroll of poison.
   792 | D:1      | 792 ||| DROPPING potion of ambrosia.
   823 | D:2      | Reached XP level 3. HP: 29/29 MP: 3/3
   927 | D:2      | Noticed Robin
   937 | D:2      | HP: 7/29 [goblin/+0 dagger[Robin] (1)]
   937 | D:2      | HP: 3/29 [goblin/+0 dagger[Robin] (2)]
   938 | D:2      | 938 ||| READING scroll of teleportation.
   939 | D:2      | HP: 1/29 [goblin/+0 dagger[Robin] (3)]
   940 | D:2      | Reached skill level 4 in Ranged Weapons
  1073 | D:2      | HP: 6/29 [Robin/goblin (2)]
  1074 | D:2      | HP: 1/29 [goblin/+0 dagger[Robin] (5)]
  1074 | D:2      | Slain by Robin

Levels and vault maps discovered:
D:1:      lightli_molten_gateway, layout_basic, bh_walls_and_bars
D:2:      layout_loops_ring, minmay_pentomino_t2, uniq_terence, uniq_natasha,
          uniq_robin

Skill      XL: |  1  2  3 |
---------------+----------+-----
Ranged Weapons | 3 4 |  4.1
Fighting       | 2 |  2.0
Dodging        | |  2.1
Spellcasting   | |  1.0
Hexes          | |  2.0

Action                     || total
---------------------------++-------
   Fire: Sling             ||   115
    Use: Scroll            ||     4
         Potion            ||     1
 Armour: Robe              ||     5
         Leather armour    ||    18
  Dodge: Dodged            ||    48

Table legend:
 A = Non-vault XP
 B = Vault XP
 C = Vault XP percentage of total XP
 D = Non-vault monster count
 E = Vault monster count
 F = Vault count percentage of total count
                 A         B        C        D         E       F
            +---------+---------+-------+---------+---------+-------
      Total |      52 |      18 |  25.7 |      30 |      10 |  25.0
            +---------+---------+-------+---------+---------+-------
        D:1 |      39 |       0 |   0.0 |      22 |       0 |   0.0
        D:2 |      13 |      18 |  58.1 |       8 |      10 |  55.6
            +---------+---------+-------+---------+---------+-------
